Map: [ESL] Ancient Cistern

Players

Lambo

  • Race: Zerg Zerg
  • Spawn Location: 7:00

Dark - Winner!

  • Race: Zerg Zerg
  • Spawn Location: 1:00

Event: ESL SC2 Masters 2023 Summer (Finals)

VOD

Have the link to the VOD?

Description

Time

  • Played on: June 17, 2023, 12:51 p.m.
  • Length: 13:44

All games in this series

Show
View Real Time Build Order
Export as new Build Order

Lambo Zerg 

Build Orders: Hatch First, Zergling Baneling 

Get SALT Encoding   

  12  0:00  Drone  
  13  0:12  Overlord  
  13  0:16  Drone  
  14  0:30  Drone x2  
  16  0:47  Hatchery  
  15  0:50  Drone  
  15  0:53  Drone  
  17  0:57  Drone  
  18  1:07  Extractor  
  17  1:12  Spawning Pool  
  17  1:15  Drone  
  17  1:18  Drone  
  18  1:27  Drone  
  19  1:38  Drone  
  20  1:48  Drone  
  21  1:59  Queen x2  
  21  2:00  Overlord, Zergling x2  
  26  2:08  Metabolic Boost  
  26  2:10  Drone x2  
  28  2:20  Drone  
  28  2:21  Zergling x2  
  30  2:34  Drone x2  
  32  2:39  Hatchery  
  32  2:42  Drone  
  32  2:50  Baneling Nest  
  31  2:53  Overlord  
  31  2:55  Drone x2  
  33  3:03  Queen  
  35  3:05  Zergling x2  
  35  3:11  Zergling x4  
  37  3:13  Overlord  
  37  3:15  Drone  
  37  3:17  Zergling x2  
  37  3:19  Drone  
  40  3:25  Overlord  
  40  3:26  Drone  
  42  3:27  Drone  
  42  3:31  Drone  
  43  3:34  Baneling  
  43  3:36  Drone  
  43  3:40  Drone x4  
  48  3:43  Drone  
  48  3:44  Drone  
  48  3:46  Drone  
  51  3:50  Drone  
  51  3:55  Roach Warren  
  51  3:56  Extractor  
  51  3:58  Drone x2  
  52  4:06  Drone x3  
  55  4:12  Drone x2  
  55  4:15  Baneling x3  
  57  4:19  Zergling x4  
  57  4:21  Evolution Chamber  
  57  4:22  Baneling x2  
  58  4:27  Zergling x12  
  58  4:28  Baneling x2  
  58  4:30  Zergling x2  
  64  4:41  Queen  
  65  4:48  Baneling x2  
  65  4:50  Zergling x10  
  65  4:54  Zergling x4  
  65  4:56  Baneling x2  
  65  5:02  Overlord  
  65  5:07  Lair  
  65  5:08  Overlord  
  65  5:09  Baneling x2  
  64  5:17  Hatchery, Overlord  
  64  5:18  Extractor  
  64  5:20  Baneling x2  
  62  5:21  Overlord  
  62  5:25  Baneling  
  62  5:27  Overlord  
  62  5:31  Roach x2  
  66  5:44  Drone x5  
  66  5:47  Extractor  
  66  5:48  Drone  
  69  5:51  Zerg Missile Weapons Level 1  
  62  5:58  Roach x2  
  66  6:07  Roach x2  
  69  6:17  Drone x4  
  73  6:23  Drone x4  
  77  6:25  Spire  
  77  6:30  Drone x2  
  77  6:32  Drone, Glial Reconstitution  
  79  6:33  Extractor  
  79  6:34  Extractor  
  79  6:37  Drone  
  78  6:41  Drone x2  
  78  6:45  Overlord  
  78  6:47  Drone x2  
  82  6:53  Drone x2  
  83  6:58  Drone x2  
  85  7:05  Drone x8  
  85  7:06  Hatchery  
  91  7:23  Overlord  
  91  7:27  Roach x2  
  95  7:30  Overlord  
  95  7:38  Mutalisk x5  
  95  7:40  Overlord  
  95  7:42  Zerg Flyer Weapons Level 1  
  95  7:43  Mutalisk x3  
  110  7:53  Roach x6  
  122  7:59  Roach x4  
  122  8:04  Overlord x2  
  122  8:05  Zerg Missile Weapons Level 2  
  130  8:09  Overlord  
  130  8:12  Overlord  
  130  8:22  Roach x3  
  136  8:27  Roach x8, Evolution Chamber  
  151  8:39  Roach x7  
  165  8:43  Roach, Overlord  
  165  8:46  Overlord  
  165  8:47  Overlord  
  167  8:52  Extractor, Roach  
  167  8:53  Overlord  
  167  8:55  Zerg Ground Armor Level 1  
  168  8:58  Ravager x2  
  168  9:01  Overlord  
  168  9:03  Roach x3  
  172  9:13  Roach x5  
  178  9:19  Roach x3  
  178  9:20  Ravager  
  178  9:24  Roach x2  
  189  9:27  Roach x2  
  187  9:32  Roach x3  
  187  9:35  Roach  
  189  9:38  Roach x2  
  189  9:42  Roach x2  
  189  9:44  Roach  
  189  9:48  Roach x2  
  189  9:51  Roach x2  
  183  9:57  Roach  
  183  9:58  Roach x3  
  183  10:00  Ravager  
  183  10:02  Roach x2  
  188  10:08  Hydralisk Den  
  188  10:10  Roach  
  180  10:24  Roach x7  
  180  10:27  Roach x4  
  183  10:31  Roach x2  
  183  10:33  Roach  
  158  10:38  Roach x2  
  140  10:44  Roach x3  
  140  10:47  Hydralisk  
  131  10:54  Hydralisk x3  
  133  11:01  Spore Crawler  
  133  11:02  Hydralisk x2  
  136  11:05  Roach  
  136  11:08  Spore Crawler  
  137  11:11  Muscular Augments  
  137  11:16  Spore Crawler  
  137  11:18  Hydralisk x2  
  135  11:20  Ravager  
  135  11:23  Ravager  
  140  11:26  Hydralisk  
  140  11:30  Hydralisk  
  146  11:32  Roach  
  146  11:36  Hydralisk  
  146  11:38  Roach  
  146  11:39  Roach  
  152  11:40  Roach  
  152  11:45  Roach x3  
  160  11:49  Roach  
  160  11:52  Roach x2  
  166  11:55  Overlord  
  166  11:59  Overlord  
  162  12:05  Overlord  
  162  12:16  Hydralisk x4  
  162  12:18  Overlord  
  170  12:22  Grooved Spines  
  170  12:26  Roach x3  
  176  12:30  Ravager x2  
  176  12:32  Roach x2, Ravager  
  176  12:36  Roach  
  185  12:39  Roach  
  185  12:40  Roach  
  189  12:46  Roach x2  
  193  12:58  Ravager  
  193  12:59  Overlord  
  194  13:06  Hatchery  
Show
View Real Time Build Order
Export as new Build Order

Dark Zerg - Winner!

Build Orders: Hatch First, Zergling Baneling 

Get SALT Encoding   

  12  0:00  Drone  
  13  0:12  Overlord  
  13  0:17  Drone  
  14  0:30  Drone x2  
  16  0:48  Hatchery  
  15  0:51  Drone  
  15  0:55  Drone  
  17  0:58  Drone  
  18  1:10  Extractor  
  17  1:14  Spawning Pool  
  17  1:16  Drone  
  17  1:20  Drone  
  18  1:27  Drone  
  19  1:39  Drone  
  20  1:50  Drone  
  21  2:00  Queen, Zergling x2  
  21  2:01  Queen  
  26  2:02  Drone  
  27  2:11  Overlord  
  27  2:12  Drone  
  28  2:16  Metabolic Boost  
  28  2:30  Zergling x2  
  28  2:31  Drone  
  28  2:34  Drone  
  31  2:38  Drone, Hatchery  
  31  2:46  Queen  
  33  2:56  Overlord, Baneling Nest  
  32  2:59  Drone  
  32  3:02  Drone  
  34  3:06  Drone  
  34  3:09  Drone  
  36  3:15  Drone x3  
  36  3:17  Drone  
  40  3:21  Overlord  
  40  3:25  Zergling x4  
  42  3:28  Drone  
  42  3:29  Drone  
  44  3:40  Zergling x2  
  44  3:41  Zergling x2  
  46  3:44  Extractor  
  46  3:46  Zergling x2  
  46  3:47  Zergling x10  
  51  3:50  Zergling x2  
  51  3:55  Overlord  
  52  4:00  Zergling x4  
  52  4:01  Zergling x2  
  55  4:07  Overlord  
  54  4:10  Overlord  
  54  4:16  Zergling x14, Baneling  
  61  4:17  Baneling  
  61  4:19  Baneling x2  
  61  4:22  Baneling x2  
  61  4:23  Zergling x2  
  62  4:24  Baneling x2  
  62  4:25  Zergling x2  
  62  4:33  Zergling x8  
  62  4:34  Baneling x2  
  65  4:42  Zergling x2  
  65  4:43  Zergling x4  
  65  4:44  Zergling x6  
  66  4:48  Zergling x4  
  66  4:51  Zergling x2  
  66  4:52  Zergling x2  
  67  4:58  Drone x2  
  66  5:03  Drone x2  
  66  5:04  Drone  
  67  5:09  Roach Warren  
  67  5:12  Drone x2  
  64  5:14  Baneling  
  64  5:15  Baneling x3  
  64  5:17  Drone  
  65  5:24  Drone x2  
  65  5:30  Evolution Chamber  
  65  5:31  Drone x2  
  65  5:34  Drone  
  65  5:35  Extractor  
  66  5:40  Drone  
  67  5:47  Drone x3  
  67  5:48  Lair  
  68  5:52  Roach  
  64  5:58  Roach x2  
  64  6:02  Drone x2  
  70  6:05  Drone x3  
  70  6:10  Roach x3  
  79  6:13  Overlord  
  79  6:15  Drone  
  79  6:17  Zerg Missile Weapons Level 1  
  79  6:18  Drone  
  81  6:24  Overlord  
  81  6:27  Extractor  
  81  6:28  Drone x2  
  81  6:29  Extractor  
  81  6:30  Extractor  
  81  6:31  Drone  
  81  6:32  Drone x6  
  87  6:38  Drone  
  88  6:40  Drone x2  
  88  6:43  Overlord  
  88  6:46  Roach x2  
  94  6:51  Glial Reconstitution  
  88  6:55  Roach x2  
  88  6:57  Drone  
  88  6:59  Roach  
  88  7:00  Roach  
  88  7:01  Overlord  
  97  7:04  Spire  
  97  7:06  Overlord  
  96  7:09  Overseer  
  96  7:11  Roach x4  
  104  7:16  Drone  
  104  7:19  Overlord x4  
  105  7:26  Drone x2  
  107  7:34  Roach  
  107  7:35  Roach x6  
  121  7:44  Hatchery  
  121  7:49  Overlord  
  120  7:56  Overlord  
  120  8:01  Spore Crawler x3  
  120  8:02  Queen  
  119  8:07  Overlord  
  119  8:17  Corruptor  
  119  8:18  Corruptor x5  
  130  8:21  Corruptor  
  130  8:26  Corruptor  
  134  8:38  Roach x7  
  146  8:43  Ravager x2  
  146  8:45  Roach x3  
  154  8:49  Baneling x5  
  154  8:51  Zerg Missile Weapons Level 2  
  154  8:54  Drone  
  155  8:58  Overlord  
  155  8:59  Roach  
  155  9:00  Roach  
  159  9:05  Overlord  
  159  9:07  Roach  
  159  9:08  Overlord  
  159  9:10  Overlord  
  159  9:12  Overlord  
  159  9:13  Roach  
  159  9:14  Ravager  
  160  9:17  Roach x2  
  160  9:21  Roach x2  
  160  9:24  Overlord, Ravager  
  168  9:27  Mutalisk x2  
  168  9:34  Roach  
  168  9:35  Roach x3  
  168  9:39  Ravager  
  160  9:46  Roach x5  
  160  9:51  Mutalisk  
  161  10:00  Roach x2  
  161  10:02  Roach x2  
  161  10:05  Ravager  
  161  10:06  Roach x2  
  174  10:08  Roach  
  174  10:15  Roach  
  174  10:16  Roach  
  174  10:20  Roach x3  
  160  10:28  Roach x2  
  160  10:29  Queen x3  
  160  10:34  Roach  
  143  10:40  Roach x2  
  123  10:43  Roach  
  117  10:51  Roach x2  
  117  10:52  Drone  
  122  11:02  Drone x3  
  125  11:06  Ravager x2  
  139  11:31  Ravager x2  
  129  11:34  Roach x3  
  129  11:38  Ravager  
  129  11:39  Roach x9  
  154  11:41  Zerg Ground Armor Level 1  
  154  11:48  Ravager  
  154  11:50  Roach x2  
  159  11:59  Roach x3  
  164  12:05  Roach  
  164  12:06  Ravager x2  
  166  12:09  Roach x2  
  166  12:12  Ravager x4  
  172  12:20  Roach x3  
  176  12:23  Ravager x2  
  178  12:31  Roach x3  
  178  12:36  Roach  
  178  12:37  Roach, Ravager  
  188  12:43  Overlord  
  189  12:44  Roach  
  189  12:57  Roach x2  
  189  12:58  Ravager  
  194  13:00  Overlord  
  194  13:04  Roach x3  
  198  13:09  Ravager x2  
Tags
 
Add a new tag
Caveats
  • Supply blocks, unpowered buildings, or Contaminate may cause inaccurate times.
  • Supply counts are checked every 10 seconds.